 Dungeon Crawl Stone Soup version 0.29-a0-721-g7f417c9bbb (webtiles) character file.

Game seed: 18009252116926903357

2940 gobodom the Covered (level 9, -3/97 HPs)
             Began as a Demonspawn Transmuter on June 28, 2022.
             Slain by a troll (8 damage)
             ... on level 8 of the Dungeon.
             The game lasted 00:35:14 (7945 turns).

gobodom the Covered (Demonspawn Transmuter)         Turns: 7945, Time: 00:35:15

Health: -3/97      AC: 24    Str: 16    XL:     9   Next: 51%
Magic:  15/15      EV:  2    Int: 14    God:
Gold:   386        SH:  0    Dex: 13    Spells: 13/16 levels left

rFire   . . .      SeeInvis +   Q - +3 scimitar (vorpal)
rCold   . . .      Faith    .   (no shield)
rNeg    . . .      Spirit   .   (body armour currently unavailable)
rPois   +          Reflect  .   (helmet currently unavailable)
rElec   .          Harm     .   (cloak currently unavailable)
rCorr   +          Rampage  .   (gloves currently unavailable)
Will    +....      NoTele   +   (boots currently unavailable)
Stlth   ++........              x - amulet of regeneration
HPRegen 1.06/turn               h - ring of Seiroiso {Slay+2 SInv}
MPRegen 0.28/turn               l - ring of resist corrosion

@: tree-form
A: stationary, stasis, torment immunity, boosted hp, powered by death 2, magic
regeneration, (sanguine armour 1), (weakness stinger 1), strong-willed 1,
inability to read while threatened 1
a: no special abilities


You were on level 8 of the Dungeon.
You were a tree.
You visited 2 branches of the dungeon, and saw 9 of its levels.

You collected 386 gold pieces.

Inventory:

Hand Weapons
 e - a +3 dagger of venom
 z - a +3 quarterstaff of chaos
 E - a +1 vampiric hand axe
 L - a +4 vampiric spear
 O - a +1 dire flail of freezing
 Q - a +3 vorpal scimitar (weapon)
Missiles
 i - 3 throwing nets
 q - 10 poisoned darts
Armour
 g - a +0 helmet (melded)
 m - a +0 pair of boots (melded)
 r - the +6 plate armour of Dramatic Exits {*Corrode rElec rF+ Stlth+}
   (You found it on level 3 of the Dungeon)

   rF:        It protects you from fire.
   rElec:     It insulates you from electricity.
   *Corrode:  It may corrode you when you take damage.
   Stlth:     It makes you more stealthy.
 A - a +1 cloak (melded)
 K - the +0 scale mail of the Tarantula {rN+}
   (You found it on level 6 of the Dungeon)

   rN:        It protects you from negative energy.
 R - the +1 robe "Osestryots" (melded) {rPois Dex+4}
   (You found it on level 7 of the Dungeon)

   Dex:       It affects your dexterity (+4).
   rPois:     It protects you from poison.
Magical Staves
 w - a staff of earth
 P - a staff of death
Jewellery
 h - the ring of Seiroiso (left branch) {Slay+2 SInv}
   (You acquired it on level 2 of the Dungeon)

   [ring of see invisible]

   Slay:      It affects your accuracy & damage with ranged weapons and melee
   (+2).
   SInv:      It lets you see invisible.
 l - a ring of resist corrosion (right branch)
 s - a ring of willpower
 x - an amulet of regeneration (around neck)
 M - a +6 ring of intelligence
Wands
 a - a wand of iceblast (4)
Scrolls
 c - a scroll of poison
 f - a scroll of amnesia
 j - a scroll of immolation {unknown}
 k - 2 scrolls of fog {unknown}
 n - 2 scrolls of enchant weapon
 o - 2 scrolls of torment {unknown}
 y - 2 scrolls of silence {unknown}
 F - 2 scrolls of teleportation {unknown}
 G - a scroll of brand weapon {unknown}
 I - 2 scrolls of magic mapping {unknown}
 N - a scroll of fear {unknown}
Potions
 b - 2 potions of lignification
 d - a potion of ambrosia
 p - 4 potions of attraction
 t - 3 potions of flight
 u - a potion of might
 v - 3 potions of invisibility
 B - a potion of cancellation {unknown}
 C - a potion of curing {unknown}
 D - 3 potions of haste {unknown}
 H - a potion of mutation
 J - a potion of berserk rage {unknown}


   Skills:
 + Level 3.8 Fighting
 + Level 4.9(5.2) Short Blades
 + Level 2.2(3.9) Long Blades
 + Level 7.1 Armour
 + Level 3.4 Dodging
 + Level 2.4 Stealth
 + Level 3.4 Unarmed Combat
 + Level 4.3 Spellcasting
 + Level 3.9 Transmutations


You had 13 spell levels left.
You knew the following spells:

 Your Spells              Type           Power      Damage    Failure   Level
a - Beastly Appendage     Tmut           28%        N/A       3%          1
b - Wereblood             Tmut           14%        N/A       5%          2

Your spell library contained the following spells:

 Spells                   Type           Power      Damage    Failure   Level
 Passwall                 Tmut/Erth      6%         N/A       13%         2
 Apportation              Tloc           6%         N/A       19%         1
 Freeze                   Ice            12%        1d4       19%         1
 Necrotize                Necr           12%        1d4       19%         1
 Summon Small Mammal      Summ           12%        N/A       19%         1
 Spider Form              Tmut/Pois      8%         N/A       26%         3
 Ensorcelled Hibernation  Hex/Ice        6%         N/A       28%         2
 Static Discharge         Conj/Air       3%         N/A       28%         2
 Sublimation of Blood     Necr           3%         N/A       28%         2
 Frozen Ramparts          Ice            6%         1d2       50%         3
 Swiftness                Air            3%         N/A       50%         3
 Tukima's Dance           Hex            3%         N/A       50%         3
 Vampiric Draining        Necr           3%         2d6       50%         3
 Ice Form                 Ice/Tmut       8%         N/A       63%         4
 Anguish                  Hex/Necr       1%         N/A       88%         4
 Dispel Undead            Necr           3%         3d7       88%         4
 Hailstorm                Conj/Ice       3%         3d3       88%         4
 Passage of Golubria      Tloc           3%         N/A       88%         4
 Sticky Flame             Conj/Fire      3%         2d3       88%         4
 Yara's Violent Unravell  Hex/Tmut       4%         3d4       93%         5
 Agony                    Necr           3%         N/A       99%         5
 Summon Hydra             Summ           1%         N/A       100%        7


Dungeon Overview and Level Annotations

Branches:
Dungeon (8/15)             Temple (1/1) D:5
   Lair: D:8-11

Altars:
Ashenzari
Cheibriados
Dithmenos
Elyvilon
Fedhas
Gozag
Hepliaklqana
Kikubaaqudgha
Makhleb
Nemelex Xobeh
Okawaru
Qazlal
Ru
Sif Muna
Trog
Uskayaw
Vehumet
Wu Jian
Xom
Yredelemnul
Zin
The Shining One

Shops:
D:2 =


Innate Abilities, Weirdness & Mutations

You are a tree.
Your roots penetrate the ground, keeping you stationary.
You cannot be teleported.
You are immune to unholy pain and torment.
Your maximum health is greatly increased.
Your equipment is partially melded.
You regenerate health from kills.
You regenerate magic rapidly.
((When seriously injured, your blood forms armour. (AC +0)))
((You have a small tail.))
You are strong-willed. (Will+)
You occasionally lose the ability to read scrolls when taking damage.


Message History

The troll is severely wounded.
You can read scrolls again.
The troll bites you but does no damage. The troll misses you.
The troll claws you but does no damage.
You hit the troll. You tail-slap the troll.
The troll is almost dead.
The troll bites you!
You feel threatened and lose the ability to read scrolls!
* * * LOW HITPOINT WARNING * * *
The troll barely misses you. The troll claws you but does no damage.
The troll bites you!
* * * LOW HITPOINT WARNING * * *
The troll claws you but does no damage. x2
Aiming: Iceblast
Press: ? - help, Q - select action, (/) - cycle Shift-Dir - straight line
Okay, then.
The troll attacks as you move away! The troll misses you.
The troll closely misses you. x2
There is an open door here.
The troll attacks as you move away! The troll barely misses you.
The troll claws you!
* * * LOW HITPOINT WARNING * * *
The troll claws you.
* * * LOW HITPOINT WARNING * * *
Really quaff the potion of lignification?
Uppercase [Y]es or [N]o only, please.
Really quaff the potion of lignification?
You turn into a tree.
Your +1 cloak melds into your body.
Your +0 helmet melds into your body.
Your +0 pair of boots melds into your body.
The +1 robe "Osestryots" {rPois Dex+4} melds into your body.
Your roots penetrate the ground.
Your blood armour dries and flakes away.
The troll bites you but does no damage. The troll claws you but does no damage.
The troll barely misses you.
You hit the troll.
The troll is almost dead.
You can read scrolls again.
The troll bites you!
You die...

. ...> ." .####..# #.
.#<....# #. .......# #.
#.###..# #. # .......#
#.######.# #..##.##
#........#!
##.##.#############../......
................♣T'....)....
##.##.#############.........
##..#.# #########. ###.#.# #
#...# # ##..# ####..#
......# ......#


You could see a troll.

Vanquished Creatures
  2 wyverns
  A water moccasin (D:7)
  2 ice beasts
  4 black bears
  A sky beast (D:6)
  A centaur (D:5)
  A phantom (D:5)
  A kobold brigand (D:6)
  3 bullfrogs
  A gnoll sergeant (D:8)
  5 scorpions
  7 wights (D:7)
  A vampire bat (D:8)
  4 howler monkeys (D:7)
  3 jellies
  Crazy Yiuf (D:3)
  A gnoll shaman (D:5)
  2 hounds (D:5)
  3 orc wizards (D:5)
  An iguana (D:5)
  10 gnolls
  10 adders
  A shadow imp (D:6)
  A white imp (D:5)
  3 worms
  8 orcs
  7 ball pythons
  7 endoplasms
  A giant cockroach (D:4)
  6 goblins
  9 hobgoblins
  2 jackals (D:1)
  18 kobolds
  3 quokkas
  10 bats
  A frilled lizard (D:1)
  8 rats
150 creatures vanquished.

Vanquished Creatures (others)
  A plant (D:6)
1 creature vanquished.

Grand Total: 151 creatures vanquished

Notes
Turn   | Place    | Note
-------+----------+-------------------------------------------
     0 | D:1      | gobodom the Demonspawn Transmuter began the quest for the
                  | Orb.
     0 | D:1      | Reached XP level 1. HP: 15/15 MP: 3/3
   282 | D:1      | Found a faded altar of an unknown god.
   600 | D:1      | Gained mutation: You have a small tail. [demonic ancestry]
   600 | D:1      | Reached XP level 2. HP: 20/21 MP: 3/5
  1588 | D:1      | Gained mutation: When seriously injured, your blood forms
                  | armour. (AC +0) [demonic ancestry]
  1588 | D:1      | Reached XP level 3. HP: 23/26 MP: 4/6
  1767 | D:2      | Gained mutation: You occasionally lose the ability to read
                  | scrolls when taking damage. [potion of mutation]
  1767 | D:2      | Gained mutation: You are strong-willed. (Will+) [potion of
                  | mutation]
  1988 | D:2      | Learned a level 2 spell: Wereblood
  2218 | D:2      | Found a hide-covered altar of Uskayaw.
  2241 | D:2      | Identified a scroll of acquirement
  2241 | D:2      | Acquired the ring of Seiroiso {Slay+2 SInv}
  2280 | D:2      | Found Xyn Pua's Jewellery Emporium.
  2746 | D:2      | Gained mutation: You regenerate a little health from kills.
                  | [demonic ancestry]
  2746 | D:2      | Reached XP level 4. HP: 32/32 MP: 5/7
  3373 | D:3      | Reached skill level 1 in Short Blades
  3380 | D:3      | Identified the +6 plate armour of Dramatic Exits {*Corrode
                  | rElec rF+ Stlth+}
  4123 | D:3      | Found a runed translucent door.
  4124 | D:3      | Noticed Crazy Yiuf
  4136 | D:3      | Killed Crazy Yiuf
  4137 | D:3      | Gained mutation: You regenerate health from kills. [demonic
                  | ancestry]
  4137 | D:3      | Reached XP level 5. HP: 6/37 MP: 6/9
  4234 | D:4      | Noticed a black bear
  4243 | D:4      | Killed a black bear
  4244 | D:4      | Reached skill level 1 in Stealth
  4394 | D:4      | Reached XP level 6. HP: 39/43 MP: 10/10
  4451 | D:4      | Found a bloodstained altar of Trog.
  4933 | D:5      | Entered Level 5 of the Dungeon
  4938 | D:5      | Reached skill level 1 in Armour
  5017 | D:5      | Reached skill level 2 in Armour
  5021 | D:5      | Gained mutation: You regenerate magic rapidly. [demonic
                  | ancestry]
  5021 | D:5      | Reached XP level 7. HP: 49/50 MP: 12/12
  5050 | D:5      | Found a staircase to the Ecumenical Temple.
  5074 | Temple   | Entered the Ecumenical Temple
  5383 | D:5      | Reached skill level 3 in Armour
  5549 | D:5      | Reached skill level 4 in Armour
  5686 | D:5      | Reached XP level 8. HP: 57/57 MP: 13/13
  5906 | D:6      | Found a sparkling altar of Nemelex Xobeh.
  5975 | D:6      | Found a hazy altar of Hepliaklqana.
  6182 | D:6      | Reached skill level 5 in Armour
  6504 | D:6      | Found a shimmering altar of Xom.
  6512 | D:6      | Found a shimmering blue altar of Sif Muna.
  6515 | D:6      | Found a burning altar of Makhleb.
  6523 | D:6      | Found a snail-covered altar of Cheibriados.
  6526 | D:6      | Found an iron altar of Okawaru.
  6607 | D:6      | Identified the +0 scale mail of the Tarantula {rN+}
  6658 | D:6      | Found a shadowy altar of Dithmenos.
  7018 | D:7      | Reached skill level 6 in Armour
  7067 | D:7      | Reached XP level 9. HP: 28/60 MP: 13/15
  7335 | D:7      | Reached skill level 1 in Long Blades
  7398 | D:7      | Reached skill level 7 in Armour
  7672 | D:7      | Identified the +1 robe "Osestryots" {rPois Dex+4}
  7930 | D:8      | Noticed a troll
  7943 | D:8      | HP: 1/65 [troll (3)]
  7945 | D:8      | Slain by a troll

Illustrated notes

Levels and vault maps discovered:
D:1:      dpeg_arrival_water_temple_mockup, layout_basic,
          basic_ecumenical_altar, serial_rivers, chequers_serial_rivers_large_b,
          chequers_serial_rivers_micro_d, chequers_serial_rivers_small_b,
          chequers_serial_rivers_small_a, chequers_serial_rivers_micro_c
D:2:      layout_basic, basic_altar, serial_shops, shop, st_stairs_11
D:3:      layout_basic, uniq_crazy_yiuf_cottage
D:4:      layout_basic, nicolae_overflow_crystal_walls,
          mainiacjoe_overflow_catwalk
D:5:      layout_loops_cross, minmay_temple_entry_junction_2
D:6:      layout_layer_cave, nicolae_hepliaklqana_hazy_memory,
          mainiacjoe_overflow_surrounded_room, minmay_overflow_temple_star_hex,
          overflow_temple_1_default, nicolae_lava_and_water
D:7:      layout_basic
D:8:      layout_basic, lair_entry_dummy, roderic_batcave
Temple:   nicolae_temple_hex_pool

Skill      XL: |  1  2  3  4  5  6  7  8  9 |
---------------+----------------------------+-----
Unarmed Combat | 3 |  3.4
Dodging        | 2 3 |  3.4
Transmutations | 2 3 |  3.9
Short Blades   | 1 2 3 4 |  4.9
Stealth        | 1 2 |  2.4
Spellcasting   | 3 4 |  4.3
Fighting       | 2 3 |  3.8
Armour         | 2 4 6 7 |  7.1
Long Blades    | 2 |  2.2

Action                   |  1- 3 |  4- 6 |  7- 9 || total
-------------------------+-------+-------+-------++-------
Melee: Unarmed           |    50 |       |       ||    50
       Headbutt          |     8 |     6 |    22 ||    36
       Kick              |    13 |     6 |    16 ||    35
       Dagger            |    42 |   141 |   157 ||   340
       Tailslap          |    10 |    20 |    40 ||    70
       Punch             |     4 |     2 |     6 ||    12
       Scimitar          |       |       |    76 ||    76
 Cast: Beastly Appendage |    21 |     8 |    11 ||    40
       Wereblood         |     2 |     3 |     9 ||    14
  Use: Scroll            |     4 |     2 |     4 ||    10
       Potion            |     3 |       |     4 ||     7
 Stab: Sleeping          |     2 |       |     3 ||     5
Armor: Robe              |    27 |     4 |    41 ||    72
       Plate armour      |       |    62 |    78 ||   140
       Scale mail        |       |       |    33 ||    33
       Skin              |       |       |     2 ||     2
Dodge: Dodged            |    69 |    30 |   123 ||   222

Table legend: (Time is in decaauts)
 A = Elapsed time spent in this place.
 B = Non-inter-level travel time spent in this place.
 C = Inter-level travel time spent in this place.
 D = Time resting spent in this place.
 E = Time spent auto-exploring this place.
 F = Levels seen in this place.
 G = Mean time per level.
                   A        B        C        D        E       F      G
               +--------+--------+--------+--------+--------+-----+--------+
         Total |   7973 |   7771 |    202 |    485 |   5511 |   9 |  885.9 |
       Dungeon |   7867 |   7665 |    202 |    485 |   5448 |   8 |  983.4 |
        Temple |    105 |    105 |      0 |      0 |     63 |   1 |  105.0 |
               +--------+--------+--------+--------+--------+-----+--------+

Top non-repeatable levels by time:
     D:1: 1803 daAuts
     D:2: 1324 daAuts
     D:3: 1156 daAuts
     D:6: 1116 daAuts
     D:5: 808 daAuts
     D:7: 744 daAuts
     D:4: 694 daAuts
     D:8: 219 daAuts
  Temple: 105 daAuts
